AoeStats
← Diamante

Arabia

508663311Analyzed
3v3 RM · 7d ago on Sep 23, 2026· 17m 57s· 6 players
Game mode
Random Map
Map size
Normal (6 player)
Population
200
Speed
Normal
Resources
Standard
Victory
Conquest
Starting age
Dark Age
Ending age
Imperial Age
RankedLock teamsTeams togetherTeam positionsShared explorationLock speedFull tech treeHidden civsTurbo modeCheats
Victory
Defeat
🇹🇼 Romans · Taiwan
1247
+16
🇹🇼 Persians · Taiwan
1246
+16
🇹🇼 Maya · Taiwan
1224
+17
🇱🇻 Bulgarians · Latvia
1270
-17
🇰🇷 Franks · South Korea
1253
-16
🇨🇭 Saracens · Switzerland
1229
-16
stevenfenner59
6:37 Loom
8:56 Feudal Age
14:20 Fletching
15:59 Padded Archer Armor
Diamante
9:14 Feudal Age
11:07 Double-Bit Axe
11:38 Loom
melnais cinitis
6:57 Loom
10:29 Feudal Age
11:27 Double-Bit Axe
13:10 Horse Collar
20:06 Castle Age
slryze4264
11:03 Feudal Age
15:07 Castle Age
13:24 Double-Bit Axe
13:49 Horse Collar
15:22 Fletching
15:54 Gold Mining
17:31 Bodkin Arrow
18:27 Padded Archer Armor
TAG_MING
6:35 Loom
8:58 Feudal Age
10:15 Man-at-Arms
11:48 Scale Mail Armor
14:22 Double-Bit Axe
17:26 Fletching
18:10 Horse Collar
匹皮姆貓
6:25 Loom
9:01 Feudal Age
9:37 Double-Bit Axe
14:12 Horse Collar
Connection lost

Rejoining the realm…

Still unreachable

The connection could not be restored.

Session expired

The server has moved on; the page needs a fresh start.